 Dungeon Crawl Stone Soup version 0.18-a0-1693-gbb391d9 (webtiles) character file.

56 Eucla the Ruffian (level 3, -4/29 HPs)
             Began as a Draconian Transmuter on Apr 5, 2016.
             Slain by a gnoll
             ... wielding a +0 club
              (6 damage)
             ... on level 2 of the Dungeon.
             The game lasted 00:01:32 (976 turns).

Eucla the Ruffian (Draconian Transmuter)             Turns: 976, Time: 00:01:32

Health: -4/29      AC:  5    Str: 13    XL:     3   Next: 69%
Magic:  2/6        EV: 12    Int: 13    God:
Gold:   96         SH:  0    Dex: 11    Spells: 2 memorised, 3 levels left

rFire  . . .     SeeInvis .     j - +1 dagger (speed)
rCold  . . .     Gourm    .     (armour unavailable)
rNeg   . . .     Faith    .     (no shield)
rPois  .         Spirit   .     (helmet restricted)
rElec  .         Dismiss  .     (no cloak)
rCorr  .         Reflect  .     (no gloves)
SustAt .         Harm     .     (no boots)
MR     .....                    (no amulet)
Stlth  +.........               (no ring)
                                (no ring)

@: not resistant to hostile enchantments, very unstealthy
A: unfitting armour, cold-blooded, AC +5
a: no special abilities


You were on level 2 of the Dungeon.
You were hungry.

You visited 1 branch of the dungeon, and saw 2 of its levels.

You collected 96 gold pieces.

Inventory:

Hand Weapons
 j - a +1 dagger of speed (weapon)
Missiles
 a - 9 arrows
Armour
 m - a +0 buckler
Scrolls
 d - a scroll of noise {unknown}
 e - 3 scrolls of remove curse {unknown}
 g - 3 scrolls of identify {unknown}
 i - 3 scrolls of blinking {unknown}
 k - a scroll of magic mapping {unknown}
 l - 4 scrolls of enchant weapon {unknown}
 r - a scroll of amnesia {unknown}
Potions
 o - a potion of cure mutation {unknown}
 p - a potion of heal wounds {unknown}
Books
 b - a book of Changes

   Spells                             Type                      Level
   a - Beastly Appendage              Transmutation                1
   b - Sticks to Snakes               Transmutation                2
   c - Spider Form                    Transmutation/Poison         3
   d - Ice Form                       Ice/Transmutation            4
   e - Blade Hands                    Transmutation                5
Comestibles
 c - 3 bread rations
 h - 3 meat rations
 n - 3 fruits
 q - a slice of pizza


   Skills:
 + Level 1.9 Fighting
 + Level 2.1 Dodging
 * Level 4.2 Unarmed Combat
 - Level 2.0 Spellcasting
 - Level 2.0 Transmutations


You had 3 spell levels left.
You knew the following spells:

 Your Spells              Type           Power        Failure   Level  Hunger
a - Beastly Appendage     Trmt           #.....       12%         1    ##.....
b - Sticks to Snakes      Trmt           #.......     17%         2    ###....


Dungeon Overview and Level Annotations

Branches:
Dungeon (2/15)

Altars:
Elyvilon
Fedhas
Vehumet
Xom


Innate Abilities, Weirdness & Mutations

Your plain brown scales are hard (AC +5).
Your body does not fit into most forms of armour.
You are cold-blooded and may be slowed by cold attacks.


Message History

Your ball python bites the gnoll.
Your ball python barely misses the gnoll.
The gnoll hits your ball python with a club.
Your ball python dies!
The gnoll shouts!
You hit the gnoll but do no damage.
Your tail-slap misses the gnoll.
You punch the gnoll.
The gnoll is almost dead.
The gnoll hits you with a club.
* * * LOW HITPOINT WARNING * * *
You closely miss the gnoll.
The gnoll is almost dead.
The gnoll hits you but does no damage. The gnoll hits you with a club.
* * * LOW HITPOINT WARNING * * *
Unknown command.
Unknown command.
Drink which item? (? for menu, Esc to quit)
It was a potion of cancellation.
You feel magically purged. The gnoll hits you with a club.
You die...

....g.......... ... #)#
##... #.# #.... #.#
..... #.# ..... #.#
#### # ..... #g# #.. .
..... #.# #.# .# .....
#g# #@###.# .....# #.#
#g#... .....#
#.######g#.####
.....####......g......#
.........#####.#.#.####
...............#.#.#
.#...............#.#
....#.########.....#
....+........#####.#


You could see 3 gnolls.

Vanquished Creatures
  A gnoll (D:2)
  An adder (D:2)
  An ooze (D:2)
  A worm (D:2)
  A dart slug (D:1)
  A giant cockroach (D:1)
  2 goblins (D:1)
  2 hobgoblins (D:1)
  4 jackals (D:1)
  4 kobolds
  5 bats
  3 giant newts
  5 rats
31 creatures vanquished.

Notes
Turn   | Place    | Note
--------------------------------------------------------------
     0 | D:1      | Eucla the Draconian Transmuter began the quest for the Orb.
     0 | D:1      | Reached XP level 1. HP: 16/16 MP: 3/3
   113 | D:1      | Reached XP level 2. HP: 12/23 MP: 5/5
   122 | D:1      | Learned a level 2 spell: Sticks to Snakes
   593 | D:2      | Reached XP level 3. HP: 25/28 MP: 6/6
   634 | D:2      | Reached skill level 4 in Unarmed Combat
   798 | D:2      | Found a white marble altar of Elyvilon.
   799 | D:2      | Found a radiant altar of Vehumet.
   800 | D:2      | Found a blossoming altar of Fedhas.
   800 | D:2      | Found a shimmering altar of Xom.
   976 | D:2      | Slain by a gnoll

Vault maps used:
D:1:      sevenhm_arrival_forest_fort_small_3
D:2:      grunt_temple_overflow_open, first_bread

Skill      XL: |  1  2  3 |
---------------+----------+-----
Dodging        | 2 |  2.1
Unarmed Combat | 4 |  4.2
Fighting       | |  1.9
Spellcasting   | |  2.0
Transmutations | |  2.0

Action                   || total
-------------------------++-------
Melee: Unarmed           ||    53
       Dagger            ||    76
 Cast: Sticks to Snakes  ||     3
  Use: Potion            ||     1
 Stab: Sleeping          ||     1
